 Dungeon Sprint DCSS version 0.17-a0-1718-g72dbe4d (webtiles) character file.

67518 Kidiri the Impregnable (level 14, -19/140 HPs)
             Began as a Minotaur Fighter on Aug 24, 2015.
             Was the Champion of Okawaru.
             Demolished by a death cob (22 damage)
             ... in the Dungeon (Sprint VII: "The Pits").
             The game lasted 00:30:47 (5107 turns).

Kidiri the Impregnable (Minotaur Fighter)           Turns: 5107, Time: 00:30:47

Health: -19/140    AC: 31    Str: 32    XL:     14   Next: 83%
Magic:  23/23      EV: 20    Int:  8    God:    Okawaru [******]
Gold:   71         SH: 21    Dex: 14    Spells: 0 memorised, 13 levels left

rFire  . . .     SeeInvis .     g - +2 war axe (flame)
rCold  + . .     Clarity  +     y - +5 plate armour
rNeg   . . .     SustAt   .     t - +3 shield "Wicheofud" {rC+ rCorr Dex+2}
rPois  .         Gourm    .     (helmet restricted)
rElec  .         Spirit   .     a - +0 cloak of the Salamander {Str+2 Int+3}
rCorr  +         Warding  .     C - +0 pair of gloves {Str+3}
rMut   .         NoTele   +     c - +0 pair of boots {Stlth+}
MR     +....                    s - amulet of clarity
Stlth  ..........               u - +3 ring of evasion
                                b - +3 ring of dexterity

@: lethally poisoned (-19 -> -19), somewhat resistant to hostile enchantments,
extremely unstealthy
A: retaliatory headbutt, horns 2, berserk 1, spit poison 1
a: Spit Poison, Heroism, Finesse, Renounce Religion


You were in the Dungeon.
You worshipped Okawaru.
Okawaru was exalted by your worship.
You were near starving.

You visited 1 branch You collected 71 gold pieces.

Inventory:

Hand weapons
 g - a +2 war axe of flaming (weapon)
Armour
 a - the +0 cloak of the Salamander (worn) {Str+2 Int+3}
   (You found it in the Dungeon)

   It affects your strength (+2).
   It affects your intelligence (+3).
 c - a +0 pair of boots of stealth (worn)
 t - the +3 shield "Wicheofud" (worn) {rC+ rCorr Dex+2}
   (Okawaru gifted it to you in the Dungeon)

   It affects your dexterity (+2).
   It protects you from cold.
   It protects you from acid and corrosion.
 y - a +5 plate armour (worn)
 C - a +0 pair of gloves of strength (worn)
Jewellery
 b - a +3 ring of dexterity (left hand)
 s - an amulet of clarity (around neck)
 u - a +3 ring of evasion (right hand)
Scrolls
 k - a scroll of blinking
 o - 5 scrolls of remove curse
 p - 5 scrolls of amnesia
 z - 2 scrolls of recharging
 D - a scroll of fog
 E - 2 scrolls of fear
Potions
 d - 2 potions of might
 h - 3 potions of haste
 i - 4 potions of magic
 j - 4 potions of berserk rage
 n - 2 potions of invisibility
 v - a potion of brilliance
 A - a potion of cure mutation
 B - a potion of agility
Comestibles
 e - 4 bread rations
 f - 2 chunks of flesh
 l - 40 fruits
 m - 10 meat rations
 G - 6 royal jellies


   Skills:
 + Level 17.1 Fighting
 * Level 22.4 Axes
 * Level 22.6 Armour
 + Level 15.4 Dodging
 * Level 22.6 Shields
 + Level 14.2 Invocations


You had 13 spell levels left.
You didn't know any spells.

Dungeon Overview and Level Annotations

Branches:
Dungeon (1/1)

Altars:
Ashenzari
Cheibriados
Dithmenos
Elyvilon
Fedhas
Gozag
Kikubaaqudgha
Makhleb
Nemelex Xobeh
Okawaru
Qazlal
Ru
Sif Muna
Trog
Vehumet
Xom
Yredelemnul
Zin
The Shining One
Beogh
Jiyva
Lugonu


Innate Abilities, Weirdness & Mutations

You reflexively headbutt those who attack you in melee.
You have a pair of horns on your head.
You tend to lose your temper in combat.
You can spit weak poison.


Message History

Something appears at your feet! Okawaru grants you a gift!
You hit the sun demon.
The sun demon is heavily wounded.
You feel sick. The death cob hits you.
You feel somewhat more hungry. You block the sun demon's attack.
You block the death cob's attack.
You completely miss the death cob. You headbutt the death cob.
The death cob is lightly damaged.
You miss the sun demon.
The sun demon is heavily wounded.
You block the death cob's attack. The sun demon misses you.
You furiously retaliate!
You headbutt the sun demon! The death cob closely misses you.
You furiously retaliate!
You headbutt the death cob! You slash the death cob! You burn the death cob.
The death cob is moderately damaged.
You hit the sun demon but do no damage.
The sun demon is severely wounded.
The death cob hits you!!
You die...

#################
.................
.................
......##z†....#### ##
#....p3@)####[.#
...####''####...:.#
..................#
.......##..)......#
........).........#
..####))####....}######++#
####........####}|##.......
###......##......#####.......
+.................([++..#....


You could see a death cob, a sun demon and a wizard.

Vanquished Creatures
  A bone dragon (D)
  A titan (D)
  2 deep elf master archers (D)
  A sphinx (D)
  Ilsuiw (D)
  2 frost giants (D)
  2 orc warlords (D)
  A stone giant (D)
  A yellow draconian (D)
  A white draconian (D)
  2 merfolk javelineers (D)
  2 blizzard demons (D)
  2 eidola (D)
  A merfolk impaler (D)
  3 vault guards (D)
  Josephine (D)
  2 hydras (D)
  A yaktaur captain (D)
  2 death knights (D)
  2 naga warriors (D)
  3 catoblepae (D)
  An ice dragon (D)
  An ogre mage (D)
  A merfolk aquamancer (D)
  2 alligator snapping turtles (D)
  A dancing weapon (D)
  A vampire mage (D)
  A spriggan berserker (D)
  5 deep elf knights (D)
  A sun demon (D)
  A deep troll (D)
  An iron troll (D)
  A fire crab (D)
  A sea snake (D)
  2 swamp dragons (D)
  A deep elf summoner (D)
  An unseen horror (D)
  A hill giant (D)
  A deep elf conjurer (D)
  8 orc knights (D)
  A necromancer (D)
  An ugly thing (D)
  A wolf spider (D)
  3 hornets (D)
  Maurice (D)
  A water nymph (shapeshifter) (D)
  A rust devil (D)
  Psyche (D)
  2 smoke demons (D)
  A molten gargoyle (D)
  A guardian serpent (D)
  A demonic crawler (D)
  A kobold demonologist (D)
  A spiny frog (D)
  4 yaktaurs (D)
  An eye of devastation (D)
  An orange demon (D)
  2 hellwings (D)
  2 freezing wraiths (D)
  A troll (D)
  A red devil (D)
  3 merfolk (D)
  A large abomination (D)
  A two-headed ogre (D)
  A bog body (D)
  3 boulder beetles (D)
  7 blink frogs (D)
  A spriggan (D)
  An air elemental (D)
  A tarantella (D)
  A shadow (D)
  A deep elf fighter (D)
  A vampire (D)
  A ynoxinul (D)
  3 redbacks (D)
  3 wraiths (D)
  2 water elementals (D)
  A basilisk (D)
  5 wolves (D)
  Menkaure (D)
  A fire elemental (D)
  A hippogriff (D)
  2 vampire mosquitoes (D)
  6 insubstantial wisps (D)
  A black bear (D)
  2 wasps (D)
  An ice beast (D)
  A swamp drake (D)
  An eye of draining (D)
  6 ogres (D)
  3 big kobolds (D)
  A small abomination (D)
  A brain worm (D)
  2 giant frogs (D)
  3 killer bees (D)
  4 wights (D)
  A jelly (D)
  An orc wizard (D)
  A quasit (D)
  2 orc priests (D)
  13 sheep (D)
  3 ufetubi (D)
  2 oozes (D)
  An adder skeleton (D)
  An adder zombie (D)
  2 adder simulacra (D)
  4 orcs (D)
  A ball python (D)
  2 bat skeletons (D)
  2 bat zombies (D)
  A kobold (D)
  A quokka (D)
  A bat (D)
  2 bat simulacra (D)
  A giant gecko skeleton (D)
  A goblin (D)
  A jackal skeleton (D)
  A quokka simulacrum (D)
  2 rats (D)
216 creatures vanquished.

Vanquished Creatures (others)
  2 sheep (D)
2 creatures vanquished.

Grand Total: 218 creatures vanquished

Notes
Turn   | Place    | Note
--------------------------------------------------------------
     0 | D        | Kidiri the Minotaur Fighter began the quest for the Orb.
     0 | D        | Reached XP level 1. HP: 19/19 MP: 0/0
    26 | D        | Noticed a brain worm
    29 | D        | Killed a brain worm
    29 | D        | Reached skill level 4 in Fighting
    29 | D        | Reached skill level 5 in Axes
    29 | D        | Reached skill level 5 in Armour
    29 | D        | Reached skill level 5 in Shields
    29 | D        | Reached XP level 2. HP: 24/28 MP: 1/1
    29 | D        | Reached XP level 3. HP: 30/35 MP: 2/2
    64 | D        | Found a sacrificial altar of Ru.
    64 | D        | Found a basalt altar of Yredelemnul.
    64 | D        | Found a shadowy altar of Dithmenos.
    64 | D        | Found a deep blue altar of Sif Muna.
    64 | D        | Found a burning altar of Makhleb.
    64 | D        | Found a shimmering altar of Xom.
    64 | D        | Found an ancient bone altar of Kikubaaqudgha.
    64 | D        | Found a sparkling altar of Nemelex Xobeh.
    65 | D        | Found a glowing golden altar of the Shining One.
    65 | D        | Found a bloodstained altar of Trog.
    65 | D        | Found a shattered altar of Ashenzari.
    65 | D        | Found a white marble altar of Elyvilon.
    65 | D        | Found a snail-covered altar of Cheibriados.
    65 | D        | Found a blossoming altar of Fedhas.
    65 | D        | Found a radiant altar of Vehumet.
    65 | D        | Found a glowing silver altar of Zin.
    65 | D        | Found a corrupted altar of Lugonu.
    65 | D        | Found a viscous altar of Jiyva.
    65 | D        | Found a roughly hewn altar of Beogh.
    65 | D        | Found an iron altar of Okawaru.
    71 | D        | Found a stormy altar of Qazlal.
    72 | D        | Found an opulent altar of Gozag.
    74 | D        | Became a worshipper of Warmaster Okawaru
    94 | D        | Reached XP level 4. HP: 31/41 MP: 3/3
   100 | D        | Reached skill level 6 in Armour
   286 | D        | Noticed a giant frog
   289 | D        | Reached skill level 1 in Invocations
   293 | D        | Killed a giant frog
   293 | D        | Reached skill level 5 in Fighting
   293 | D        | Reached skill level 7 in Armour
   293 | D        | Reached XP level 5. HP: 45/48 MP: 3/5
   388 | D        | Noticed a jelly
   389 | D        | Noticed an orc wizard
   390 | D        | Noticed an orc priest
   394 | D        | Killed a jelly
   412 | D        | Killed an orc priest
   423 | D        | Killed an orc wizard
   423 | D        | Reached skill level 8 in Armour
   449 | D        | Noticed a big kobold
   456 | D        | Killed a big kobold
   456 | D        | Acquired Okawaru's first power
   456 | D        | Reached XP level 6. HP: 42/58 MP: 7/7
   539 | D        | Noticed a merfolk javelineer
   561 | D        | Killed a merfolk javelineer
   561 | D        | Reached skill level 10 in Axes
   561 | D        | Reached skill level 10 in Armour
   561 | D        | Reached skill level 10 in Shields
   561 | D        | Reached skill level 5 in Invocations
   561 | D        | Reached XP level 7. HP: 33/68 MP: 7/9
   561 | D        | Reached XP level 8. HP: 35/74 MP: 7/10
   565 | D        | Noticed an orc priest
   572 | D        | Killed an orc priest
   580 | D        | Noticed a smoke demon
   580 | D        | Noticed a hornet
   589 | D        | Killed a hornet
   589 | D        | Reached skill level 11 in Axes
   601 | D        | Killed a smoke demon
   958 | D        | Noticed a seven-headed hydra
   959 | D        | Noticed a kobold demonologist
   976 | D        | Killed a seven-headed hydra
   976 | D        | Reached skill level 12 in Axes
   976 | D        | Reached XP level 9. HP: 24/83 MP: 12/12
   983 | D        | Killed a kobold demonologist
   983 | D        | Acquired Okawaru's second power
   987 | D        | Noticed a big kobold
   995 | D        | Killed a big kobold
  1311 | D        | Noticed a spriggan
  1312 | D        | Noticed a wight
  1312 | D        | Noticed a wight
  1315 | D        | Killed a spriggan
  1318 | D        | Noticed a hornet
  1319 | D        | Noticed Maurice
  1319 | D        | Noticed a giant frog
  1322 | D        | Killed a hornet
  1322 | D        | Reached skill level 13 in Axes
  1324 | D        | Killed a wight
  1327 | D        | Killed a giant frog
  1338 | D        | Killed Maurice
  1338 | D        | Reached skill level 10 in Fighting
  1338 | D        | Reached XP level 10. HP: 83/93 MP: 14/14
  1340 | D        | Killed a wight
  1356 | D        | Noticed a wight
  1356 | D        | Noticed a wight
  1363 | D        | Killed a wight
  1366 | D        | Killed a wight
  1388 | D        | Noticed a black bear
  1388 | D        | Noticed a blink frog
  1388 | D        | Noticed a blink frog
  1388 | D        | Noticed a blink frog
  1388 | D        | Noticed a blink frog
  1388 | D        | Noticed a wolf
  1391 | D        | Killed a blink frog
  1395 | D        | Killed a wolf
  1395 | D        | Killed a blink frog
  1395 | D        | Received a gift from Okawaru
  1399 | D        | Killed a black bear
  1407 | D        | Killed a blink frog
  1409 | D        | Killed a blink frog
  1409 | D        | Reached skill level 14 in Armour
  1415 | D        | Got an ichor-stained shield {god gift}
  1426 | D        | Identified the +3 shield "Wicheofud" {rC+ rCorr Dex+2} (Okawaru gifted it to you in the Dungeon)
  1438 | D        | Noticed a molten gargoyle
  1447 | D        | Killed a molten gargoyle
  1610 | D        | Noticed a redback
  1610 | D        | Noticed a boulder beetle
  1610 | D        | Noticed a smoke demon
  1617 | D        | Killed a redback
  1623 | D        | Killed a boulder beetle
  1624 | D        | Killed a smoke demon
  1641 | D        | Noticed Josephine
  1641 | D        | Noticed a wraith
  1641 | D        | Noticed a freezing wraith
  1642 | D        | Noticed a wraith
  1642 | D        | Noticed a wraith
  1642 | D        | Noticed a swamp drake
  1655 | D        | Killed a wraith
  1661 | D        | Killed a wraith
  1668 | D        | Killed a freezing wraith
  1669 | D        | Killed Josephine
  1670 | D        | Killed a swamp drake
  1672 | D        | Killed a wraith
  1672 | D        | Reached skill level 15 in Armour
  1685 | D        | Noticed a ynoxinul
  1695 | D        | Killed a ynoxinul
  1695 | D        | Reached skill level 15 in Shields
  1696 | D        | Noticed a hippogriff
  1696 | D        | Noticed a hellwing
  1699 | D        | Killed a hippogriff
  1699 | D        | Reached XP level 11. HP: 80/102 MP: 16/16
  1700 | D        | Noticed an ice beast
  1713 | D        | Killed an ice beast
  1720 | D        | Killed a hellwing
  1720 | D        | Reached skill level 10 in Dodging
  1727 | D        | Noticed an alligator snapping turtle
  1727 | D        | Noticed an eye of devastation
  1733 | D        | Killed an eye of devastation
  1733 | D        | Reached skill level 15 in Axes
  1760 | D        | Killed an alligator snapping turtle
  1767 | D        | Noticed a big kobold
  1767 | D        | Noticed a sea snake
  1768 | D        | Noticed a shadow
  1768 | D        | Noticed Menkaure
  1771 | D        | Killed a big kobold
  1776 | D        | Killed Menkaure
  1776 | D        | Received a gift from Okawaru
  1777 | D        | Killed a sea snake
  1781 | D        | Killed a shadow
  1802 | D        | Noticed an ogre
  1803 | D        | Noticed a bog body
  1809 | D        | Killed an ogre
  1814 | D        | Killed a bog body
  1821 | D        | Noticed a wolf
  1821 | D        | Noticed a wolf
  1821 | D        | Noticed a wolf
  1821 | D        | Noticed a wolf
  1821 | D        | Noticed a deep troll
  1826 | D        | Killed a deep troll
  1829 | D        | Noticed a quasit
  1832 | D        | Killed a wolf
  1833 | D        | Killed a wolf
  1838 | D        | Killed a quasit
  1838 | D        | Killed a wolf
  1838 | D        | Reached skill level 16 in Armour
  1839 | D        | Killed a wolf
  1896 | D        | Noticed a vampire mosquito
  1896 | D        | Noticed a vampire mosquito
  1896 | D        | Noticed a hill giant
  1901 | D        | Killed a vampire mosquito
  1902 | D        | Killed a hill giant
  1905 | D        | Killed a vampire mosquito
  1911 | D        | Noticed a hellwing
  1920 | D        | Killed a hellwing
  1921 | D        | Noticed a spiny frog
  1923 | D        | Noticed an eidolon
  1924 | D        | Noticed a boulder beetle
  1924 | D        | Noticed a red devil
  1926 | D        | Noticed a small abomination
  1927 | D        | Killed a spiny frog
  1939 | D        | Killed an unseen horror
  1956 | D        | Killed a boulder beetle
  1968 | D        | Killed an eidolon
  1977 | D        | Killed a small abomination
  1980 | D        | Killed a red devil
  2182 | D        | Noticed a two-headed ogre
  2183 | D        | Noticed a wasp
  2188 | D        | Killed a two-headed ogre
  2190 | D        | Killed a wasp
  2207 | D        | Noticed a vampire mage
  2207 | D        | Noticed a wolf spider
  2214 | D        | Killed a wolf spider
  2216 | D        | Killed a vampire mage
  2216 | D        | Reached skill level 10 in Invocations
  2226 | D        | Noticed Psyche
  2234 | D        | Killed Psyche
  2270 | D        | Noticed a rust devil
  2276 | D        | Killed a rust devil
  2276 | D        | Reached skill level 17 in Armour
  2276 | D        | Reached XP level 12. HP: 94/113 MP: 18/18
  2435 | D        | Noticed a deep elf knight
  2436 | D        | Noticed a deep elf summoner
  2436 | D        | Noticed a deep elf conjurer
  2436 | D        | Noticed a demonic crawler
  2437 | D        | Noticed a deep elf fighter
  2444 | D        | Killed a deep elf summoner
  2447 | D        | Killed a deep elf knight
  2447 | D        | Received a gift from Okawaru
  2449 | D        | Killed a deep elf fighter
  2451 | D        | Killed a demonic crawler
  2458 | D        | Killed a deep elf conjurer
  2492 | D        | Noticed a yaktaur
  2492 | D        | Noticed a boulder beetle
  2504 | D        | Killed a yaktaur
  2510 | D        | Killed a boulder beetle
  2676 | D        | Noticed a killer bee
  2676 | D        | Noticed a killer bee
  2676 | D        | Noticed a frost giant
  2677 | D        | Noticed a hornet
  2680 | D        | Killed a frost giant
  2682 | D        | Killed a killer bee
  2685 | D        | Killed a hornet
  2687 | D        | Noticed a killer bee
  2689 | D        | Killed a killer bee
  2696 | D        | Killed a killer bee
  2698 | D        | Noticed an orange demon
  2703 | D        | Noticed a blink frog
  2704 | D        | Noticed a blink frog
  2707 | D        | Killed an orange demon
  2708 | D        | Killed a blink frog
  2712 | D        | Killed a blink frog
  2713 | D        | Noticed a blink frog
  2713 | D        | Noticed a fire crab
  2719 | D        | Killed a fire crab
  2719 | D        | Reached skill level 18 in Armour
  2722 | D        | Noticed a necromancer
  2723 | D        | Killed a blink frog
  2724 | D        | Noticed an ogre
  2724 | D        | Noticed an ogre
  2725 | D        | Noticed a wasp
  2727 | D        | Killed a necromancer
  2730 | D        | Killed an ogre
  2731 | D        | Noticed an ogre mage
  2731 | D        | Noticed a vampire
  2734 | D        | Killed an ogre
  2736 | D        | Killed an ogre mage
  2741 | D        | Killed a vampire
  2741 | D        | Killed a wasp
  2742 | D        | Noticed a blizzard demon
  2743 | D        | Noticed an ogre
  2750 | D        | Killed a blizzard demon
  2751 | D        | Noticed an ogre
  2753 | D        | Killed an ogre
  2756 | D        | Killed an ogre
  2760 | D        | Noticed an ogre
  2762 | D        | Killed an ogre
  2774 | D        | Got the +0 cloak of the Salamander {Str+2 Int+3}
  2941 | D        | Noticed a redback
  2941 | D        | Noticed a tarantella
  2941 | D        | Noticed a redback
  2941 | D        | Noticed an eidolon
  2941 | D        | Noticed an alligator snapping turtle
  2941 | D        | Noticed a large abomination
  2941 | D        | Noticed a catoblepas
  2943 | D        | Killed a redback
  2946 | D        | Killed a tarantella
  2976 | D        | Killed an alligator snapping turtle
  2993 | D        | Killed an eidolon
  2993 | D        | Received a gift from Okawaru
  3001 | D        | Killed a catoblepas
  3003 | D        | Killed a redback
  3005 | D        | Killed a large abomination
  3274 | D        | Noticed a swamp dragon
  3274 | D        | Noticed an insubstantial wisp
  3274 | D        | Noticed an insubstantial wisp
  3274 | D        | Noticed an insubstantial wisp
  3274 | D        | Noticed an insubstantial wisp
  3274 | D        | Noticed an insubstantial wisp
  3274 | D        | Noticed an insubstantial wisp
  3275 | D        | Noticed an orc knight
  3275 | D        | Noticed an orc warlord
  3275 | D        | Noticed an orc warlord
  3276 | D        | Noticed an orc knight
  3276 | D        | Noticed an orc knight
  3276 | D        | Noticed an orc knight
  3277 | D        | Noticed an orc knight
  3277 | D        | Noticed an orc knight
  3278 | D        | Killed an insubstantial wisp
  3278 | D        | Reached XP level 13. HP: 120/123 MP: 12/20
  3279 | D        | Killed an insubstantial wisp
  3280 | D        | Noticed an orc knight
  3281 | D        | Killed a swamp dragon
  3281 | D        | Killed an insubstantial wisp
  3284 | D        | Noticed an orc knight
  3285 | D        | Noticed an air elemental
  3285 | D        | Noticed a swamp dragon
  3286 | D        | Noticed a naga warrior
  3287 | D        | Killed an insubstantial wisp
  3289 | D        | Killed an insubstantial wisp
  3291 | D        | Killed an orc knight
  3292 | D        | Noticed a deep elf knight
  3293 | D        | Killed an insubstantial wisp
  3293 | D        | Reached skill level 19 in Armour
  3293 | D        | Killed an air elemental
  3294 | D        | Noticed a naga warrior
  3296 | D        | Killed an orc warlord
  3296 | D        | Killed an orc knight
  3297 | D        | Noticed a vault guard
  3299 | D        | Killed an orc warlord
  3300 | D        | Noticed a deep elf knight
  3301 | D        | Killed an orc knight
  3305 | D        | Killed an orc knight
  3305 | D        | Killed an orc knight
  3316 | D        | Killed an orc knight
  3320 | D        | Killed an orc knight
  3321 | D        | Noticed a yaktaur
  3321 | D        | Noticed a yaktaur
  3321 | D        | Noticed a yaktaur
  3324 | D        | Noticed a deep elf knight
  3326 | D        | Killed a swamp dragon
  3327 | D        | Noticed an ice dragon
  3328 | D        | Killed an orc knight
  3331 | D        | Killed a deep elf knight
  3332 | D        | Killed a yaktaur
  3337 | D        | Noticed a yaktaur captain
  3337 | D        | Killed a naga warrior
  3340 | D        | Killed a deep elf knight
  3340 | D        | Killed a yaktaur
  3341 | D        | Killed a yaktaur
  3343 | D        | Killed a naga warrior
  3344 | D        | Killed a vault guard
  3344 | D        | Received a gift from Okawaru
  3344 | D        | Reached skill level 15 in Fighting
  3344 | D        | Reached skill level 20 in Armour
  3347 | D        | Noticed a vault guard
  3357 | D        | Killed an ice dragon
  3358 | D        | Noticed an eight-headed hydra
  3360 | D        | Noticed a deep elf knight
  3360 | D        | Noticed a vault guard
  3361 | D        | Killed a deep elf knight
  3368 | D        | Killed a yaktaur captain
  3370 | D        | Killed a vault guard
  3373 | D        | Killed an eight-headed hydra
  3383 | D        | Killed a deep elf knight
  3385 | D        | Killed a vault guard
  4053 | D        | Noticed a frost giant
  4053 | D        | Noticed a stone giant
  4070 | D        | Killed a frost giant
  4071 | D        | Killed a stone giant
  4316 | D        | Noticed an eye of draining
  4316 | D        | Noticed a catoblepas
  4317 | D        | Noticed a purple ugly thing
  4317 | D        | Noticed a basilisk
  4322 | D        | Killed a catoblepas
  4324 | D        | Killed a basilisk
  4324 | D        | Reached XP level 14. HP: 135/135 MP: 8/22
  4325 | D        | Killed an eye of draining
  4332 | D        | Killed a purple ugly thing
  4336 | D        | Gained mutation: You tend to lose your temper in combat. [mutagenic meat]
  4337 | D        | Gained mutation: You can spit weak poison. [mutagenic meat]
  4407 | D        | Noticed a torpor snail
  4408 | D        | Noticed a blizzard demon
  4412 | D        | a torpor snail changed into a water nymph
  4417 | D        | Killed a blizzard demon
  4436 | D        | Noticed a death knight
  4436 | D        | Noticed a flail of protection
  4436 | D        | Noticed a sun demon
  4436 | D        | Noticed a sphinx
  4437 | D        | Noticed a bone dragon
  4437 | D        | Noticed a freezing wraith
  4438 | D        | Noticed a water elemental
  4441 | D        | Killed a sphinx
  4441 | D        | Reached skill level 21 in Armour
  4442 | D        | Noticed a white draconian
  4442 | D        | Noticed Ilsuiw
  4442 | D        | Noticed a merfolk impaler
  4442 | D        | Noticed a merfolk
  4443 | D        | Noticed a merfolk
  4443 | D        | Noticed a spriggan berserker
  4443 | D        | Noticed a yellow draconian
  4443 | D        | Noticed a merfolk aquamancer
  4443 | D        | Noticed a merfolk
  4444 | D        | Noticed a merfolk javelineer
  4444 | D        | Killed a freezing wraith
  4444 | D        | Killed a water elemental
  4445 | D        | Noticed a guardian serpent
  4446 | D        | Killed a sun demon
  4448 | D        | Noticed a water elemental
  4452 | D        | Noticed a deep elf master archer
  4452 | D        | Noticed a catoblepas
  4453 | D        | Killed a flail of protection
  4456 | D        | Noticed a titan
  4457 | D        | Killed a guardian serpent
  4465 | D        | Noticed a deep elf master archer
  4466 | D        | Killed a death knight
  4468 | D        | Killed a yellow draconian
  4471 | D        | Noticed an iron troll
  4473 | D        | HP: 3/137 [titan/bolt of lightning (39)]
  4497 | D        | Killed a bone dragon
  4497 | D        | Received a gift from Okawaru
  4497 | D        | Killed a titan
  4498 | D        | Got a jewelled hand crossbow {god gift}
  4507 | D        | Killed a deep elf master archer
  4512 | D        | Killed Ilsuiw
  4512 | D        | Received a gift from Okawaru
  4512 | D        | Reached skill level 15 in Dodging
  4521 | D        | Killed a white draconian
  4521 | D        | Reached skill level 22 in Armour
  4526 | D        | Killed a deep elf master archer
  4527 | D        | Killed an iron troll
  4531 | D        | Killed a merfolk
  4534 | D        | Killed a merfolk
  4537 | D        | Killed a merfolk aquamancer
  4539 | D        | Killed a merfolk
  4542 | D        | Killed a water elemental
  4546 | D        | Killed a catoblepas
  4609 | D        | Killed a merfolk javelineer
  4783 | D        | Killed a spriggan berserker
  5065 | D        | Killed a merfolk impaler
  5093 | D        | Noticed a sun demon
  5093 | D        | Noticed a death knight
  5095 | D        | Noticed a death cob
  5095 | D        | Noticed a fire elemental
  5095 | D        | Noticed a wizard
  5096 | D        | Noticed a troll
  5098 | D        | Killed a fire elemental
  5103 | D        | Killed a death knight
  5103 | D        | HP: 3/140 [mirror damage (17)]
  5105 | D        | Killed a troll
  5105 | D        | Received a gift from Okawaru
  5107 | D        | Demolished by a death cob

Vault maps used:
D:        pitsprint

Action                   |  1- 3 |  4- 6 |  7- 9 | 10-12 | 13-15 || total
-------------------------+-------+-------+-------+-------+-------++-------
Melee: War axe           |     5 |    64 |    50 |   412 |   224 ||   755
       Mace              |       |       |    11 |       |       ||    11
       Eveningstar       |       |       |       |       |     2 ||     2
Invok: Heroism           |       |     1 |     2 |     9 |     4 ||    16
       Finesse           |       |       |       |     4 |     3 ||     7
  Use: Potion            |       |     1 |     4 |       |    23 ||    28
       Scroll            |       |       |       |     2 |     2 ||     4
 Stab: Petrified         |       |       |       |     7 |     2 ||     9
  Eat: Bread ration      |       |       |     1 |     2 |     1 ||     4
       Chunk             |       |       |       |       |     2 ||     2
